 Dungeon Crawl Stone Soup version 0.28.0-53-g5a82cb258f (webtiles) character file.

Game seed: 13512589891038417838

107 Zeld the Ogre Mage (level 4, 0/39 HPs)
             Began as an Ogre Fire Elementalist on May 27, 2022.
             Slain by an adder (2 damage)
             ... on level 2 of the Dungeon.
             The game lasted 00:02:29 (1450 turns).

Zeld the Ogre Mage (Ogre Fire Elementalist)         Turns: 1450, Time: 00:02:30

Health: 0/39       AC:  4    Str: 12    XL:     4   Next: 86%
Magic:  1/9        EV:  9    Int: 18    God:
Gold:   33         SH:  0    Dex:  9    Spells: 0/10 levels left

rFire   . . .      SeeInvis .   o - +1 rapier (holy)
rCold   . . .      Faith    .   (no shield)
rNeg    . . .      Spirit   .   a - +0 robe
rPois   .          Reflect  .   (helmet restricted)
rElec   .          Harm     .   g - +0 cloak
rCorr   .          Rampage  .   (gloves unavailable)
Will    .....                   (boots unavailable)
Stlth   +.........              (no amulet)
HPRegen 0.13/turn               (no ring)
MPRegen 0.11/turn               (no ring)

@: slowed, very slow
A: large, unfitting armour, tough skin 1
a: no special abilities


You were on level 2 of the Dungeon.
You visited 1 branch of the dungeon, and saw 2 of its levels.

You collected 33 gold pieces.

Inventory:

Hand Weapons
 o - a +1 rapier of holy wrath (weapon)
Armour
 a - a +0 robe (worn)
 g - a +0 cloak (worn)
Scrolls
 e - a scroll of teleportation {unknown}
 f - a scroll of brand weapon {unknown}
 i - a scroll of identify {unknown}
Potions
 b - a potion of degeneration {unknown}
 c - 3 potions of curing {unknown}
 d - a potion of flight {unknown}
 h - a potion of attraction {unknown}


   Skills:
 - Level 1.7 Dodging
 - Level 1.4 Stealth
 * Level 3.9 Spellcasting
 + Level 1.8 Conjurations
 * Level 3.7 Fire Magic


You couldn't memorise any spells.
You knew the following spells:

 Your Spells              Type           Power      Damage    Failure   Level
a - Foxfire               Conj/Fire      52%        2x1d6     4%          1
b - Scorch                Fire           34%        2d6       4%          2
c - Inner Flame           Hex/Fire       10%        N/A       21%         3
d - Flame Wave            Conj/Fire      13%        2d6       43%         4

Your spell library contained the following spells:

 Spells                   Type           Power      Damage    Failure   Level
 Conjure Flame            Conj/Fire      13%        6-21      14%         3


Dungeon Overview and Level Annotations

Branches:
Dungeon (2/15)

Altars:


Innate Abilities, Weirdness & Mutations

You are too large for most types of armour.
You have tough skin. (AC +1)


Message History

The adder is severely wounded.
You feel sick. The adder bites you. The adder completely misses you.
You barely miss the adder.
The adder is severely wounded.
You feel sick. The adder bites you. x2
You are more poisoned.
The adder poisons you! The adder bites you but does no damage.
You are too injured to fight recklessly!
Casting: Scorch (safe; 4% risk of failure)
Confirm with . or Enter, or press ? or * to list all spells.
You conjure some foxfire!
You feel sick. The adder barely misses you. The adder bites you.
You are more poisoned.
The adder poisons you!
Unknown command.
Your foxfire dissipates!
You feel very sick.
The foxfire hits the adder.
The adder is severely wounded.
The adder closely misses you.
You miss the adder.
The adder is severely wounded.
You feel sick. The adder bites you.
* * * LOW HITPOINT WARNING * * *
The adder bites you.
* * * LOW HITPOINT WARNING * * *
Unknown command.
You closely miss the adder.
The adder is severely wounded.
You feel sick. The adder bites you.
* * * LOW HITPOINT WARNING * * *
The adder bites you but does no damage.
Unknown command.
You barely miss the adder.
The adder is severely wounded.
* * * LOW HITPOINT WARNING * * *
You feel sick.
You are no longer poisoned.
The adder bites you.
You die...

......# ##.###.#
......# #....#.#
......# ##.....###
.†....# ####.....#
#.##### #....###.#
#h.# ##.#.# #
#.†.. ##.#.#
#5..... #..#..
#......# #@#####
....>....###+###S#
######.......†...#
.#.###......#
#..........# #
#.#....#.###
..........#
......##### .###..


You could see an adder.

Vanquished Creatures
  Natasha (twice) (D:2)
  A gnoll (D:1)
  2 adders (D:2)
  A dart slug (D:2)
  6 endoplasms
  A goblin (D:2)
  A hobgoblin (D:1)
  3 jackals (D:1)
  A quokka (D:2)
  A ball python (D:1)
  A bat (D:2)
  4 frilled lizards
  3 kobolds
  4 rats
31 creatures vanquished.

Vanquished Creatures (others)
  50 foxfires
50 creatures vanquished.

Grand Total: 81 creatures vanquished

Notes
Turn   | Place    | Note
-------+----------+-------------------------------------------
     0 | D:1      | Zeld the Ogre Fire Elementalist began the quest for the
                  | Orb.
     0 | D:1      | Reached XP level 1. HP: 16/16 MP: 3/3
    88 | D:1      | Reached skill level 1 in Conjurations
    88 | D:1      | Reached XP level 2. HP: 24/24 MP: 0/5
    91 | D:1      | Learned a level 2 spell: Scorch
   722 | D:2      | Reached XP level 3. HP: 31/31 MP: 4/7
   735 | D:2      | Learned a level 3 spell: Inner Flame
  1266 | D:2      | Noticed Natasha
  1330 | D:2      | Killed Natasha
  1331 | D:2      | Reached XP level 4. HP: 39/39 MP: 3/9
  1336 | D:2      | Learned a level 4 spell: Flame Wave
  1436 | D:2      | Noticed Natasha
  1440 | D:2      | Killed Natasha
  1450 | D:2      | Slain by an adder

Illustrated notes

Levels and vault maps discovered:
D:1:      lightli_arrival_chessboard, layout_rooms
D:2:      minmay_chambers_of_ones, layout_basic,
          shapermc_ecumenical_altar_flowoftime, minmay_tripent, uniq_natasha

Skill      XL: |  1  2 |
---------------+-------+-----
Conjurations   | 1 |  1.8
Fire Magic     | 3 |  3.7
Spellcasting   | 3 |  3.9
Dodging        | |  1.7
Stealth        | |  1.4

Action                   |  1- 3 |  4- 6 || total
-------------------------+-------+-------++-------
Melee: Rapier            |    11 |     7 ||    18
       Unarmed           |     2 |       ||     2
 Cast: Foxfire           |    32 |     1 ||    33
       Scorch            |    15 |     5 ||    20
Armor: Robe              |     7 |     4 ||    11
Dodge: Dodged            |    14 |     4 ||    18
